 Dungeon Crawl Stone Soup version 0.31-a0-819-gf6de2f5ab6 (webtiles) character file.

Game seed: 6385771617692912505

28 Dirtsage the Chopper (level 3, 29/29 HPs)
             Began as a Demonspawn Fighter on Sept 23, 2023.
             Quit the game on level 2 of the Dungeon.
             The game lasted 00:00:41 (796 turns).

Dirtsage the Chopper (Demonspawn Fighter)            Turns: 796, Time: 00:00:42

Health: 29/29      AC:  7    Str: 18    XL:     3   Next: 0%
Magic:  3/3        EV:  9    Int:  9    God:
Gold:   38         SH:  8    Dex: 14    Spells: 2/2 levels left

rFire   . . .        a - +0 war axe
rCold   . . .        c - +0 buckler
rNeg    . . .        b - +0 scale mail
rPois   .            (no helmet)
rElec   .            (no cloak)
rCorr   .            g - +0 pair of gloves
SInv    .            (no boots)
Will    .....        (no amulet)
Stlth   +            (no ring)
HPRegen 0.24/turn    (no ring)
MPRegen 0.08/turn

%: no passive effects
@: no status effects
A: thin skeletal structure 1, condensation shield
a: no special abilities


You were on level 2 of the Dungeon.
You visited 1 branch of the dungeon, and saw 2 of its levels.

You collected 38 gold pieces.

Inventory:

Hand Weapons
 a - a +0 war axe (weapon)
Armour
 b - a +0 scale mail (worn)
 c - a +0 buckler (worn)
 g - a +0 pair of gloves (worn)
Scrolls
 e - 2 scrolls of poison {unknown}
 i - a scroll of amnesia {unknown}
Potions
 d - a potion of might
 f - a potion of attraction {unknown}
 h - 2 potions of curing {unknown}


   Skills:
 - Level 3.0 Fighting
 + Level 3.2 Axes
 - Level 2.6 Armour
 - Level 2.6 Shields


You had 2 spell levels left.
You didn't know any spells.
Your spell library contained the following spells:

 Spells                   Type           Power      Damage    Failure   Level
 Sting                    Tmut/Pois      0%         1d3       86%         1
 Poisonous Vapours        Pois/Air       0%         N/A       94%         2
 Olgreb's Toxic Radiance  Pois           0%         N/A       100%        4


Dungeon Overview and Level Annotations

Branches:
Dungeon (2/15)

Altars:


Innate Abilities, Weirdness & Mutations

You have a somewhat thin skeletal structure. (Dex +2, Stealth+)
A meltable shield of frost defends you. (SH +4)


Message History

You closely miss the adder.
The adder is moderately wounded.
You block the adder's attack. The adder bites you but does no damage.
You miss the adder.
The adder is moderately wounded.
The adder barely misses you. You block the adder's attack.
You miss the adder.
The adder is moderately wounded.
The adder bites you but does no damage. The adder misses you.
You slash the adder!
You kill the adder!
Health restored: 24 No target in view!
No target in view!
No target in view!
No target in view!
No target in view!
No target in view!
No target in view!
An adder comes into view.
The adder hisses angrily.
An endoplasm comes into view.
The endoplasm quivers.
You block the adder's attack.
You slash the adder!
The adder is severely wounded.
You block the adder's attack. x2
You barely miss the adder.
The adder is severely wounded.
The adder bites you but does no damage. You block the adder's attack.
You hit the adder.
You kill the adder!
Your Axes skill increases to level 3!
You have reached level 3!
Your experience leads to an increase in your attributes!
Increase (s)trength, (i)ntelligence, or (d)exterity?
You feel stronger. x2; Your demonic ancestry asserts itself...
Your bones become slightly less dense.
Health restored: 29; MP restored: 3 Are you sure you want to abandon this character and quit the game? (Confirm with "yes".)

#
###.#.##
..###.#
###.#.##
#..##
#..#
#..####
#.....#
#.###.#
#@# #
#J# ...
##.#.
....#
..( .
.## #.
#. .#


You could see an endoplasm.

Vanquished Creatures
  2 adders (D:2)
  A dart slug (D:1)
  An endoplasm (D:2)
  2 hobgoblins
  A ball python (D:1)
  2 rats
9 creatures vanquished.

Notes
Turn   | Place    | Note
-------+----------+-------------------------------------------
     0 | D:1      | Dirtsage the Demonspawn Fighter began the quest for the
                  | Orb.
     0 | D:1      | Reached XP level 1. HP: 18/18 MP: 1/1
   735 | D:2      | Gained mutation: A meltable shield of frost defends you.
                  | (SH +4) [demonic ancestry]
   735 | D:2      | Reached XP level 2. HP: 19/24 MP: 2/2
   796 | D:2      | Gained mutation: You have a somewhat thin skeletal
                  | structure. (Dex +2, Stealth+) [demonic ancestry]
   796 | D:2      | Reached XP level 3. HP: 29/29 MP: 3/3
   796 | D:2      | Quit the game

Illustrated notes

Levels and vault maps discovered:
D:1:      saegor_arrival_simple_a, layout_loops_ring
D:2:      layout_loops_ring, corexii_leaking_fountain

Skill      XL: |  1  2 |
---------------+-------+-----
Axes           | 2 3 |  3.2
Fighting       | |  3.0
Armour         | |  2.6
Shields        | |  2.6

Action                     || total
---------------------------++-------
  Melee: War axe           ||    43
 Armour: Scale mail        ||    29
  Dodge: Dodged            ||    18
  Block: Buckler           ||    13

Table legend: (Time is in decaauts)
 A = Elapsed time spent in this place.
 B = Non-inter-level travel time spent in this place.
 C = Inter-level travel time spent in this place.
 D = Time resting spent in this place.
 E = Time spent auto-exploring this place.
 F = Levels seen in this place.
 G = Mean time per level.
                   A        B        C        D        E       F      G
               +--------+--------+--------+--------+--------+-----+--------+
         Total |    814 |    797 |     17 |      0 |    692 |   2 |  407.0 |
       Dungeon |    814 |    797 |     17 |      0 |    692 |   2 |  407.0 |
               +--------+--------+--------+--------+--------+-----+--------+

Top non-repeatable levels by time:
     D:1: 708 daAuts
     D:2: 105 daAuts
